 Dungeon Crawl Stone Soup version 0.31.0-12-g77e489cdc1 (webtiles) character file.

Game seed: 15285879043035230961

37860 Silvore the Severer (level 13, -5/119 HPs)
             Began as a Minotaur Fighter on Feb 20, 2024.
             Was a High Priest of Okawaru.
             Slain by a lorocyproca (12 damage)
             ... on level 2 of the Abyss.
             The game lasted 00:25:49 (15194 turns).

Silvore the Severer (Minotaur Fighter)             Turns: 15194, Time: 00:25:50

Health: -5/119     AC: 30    Str: 31    XL:     13   Next: 60%
Magic:  0/12       EV:  9    Int:  5    God:    Okawaru [*****.]
Gold:   1088       SH:  0    Dex: 11    Spells: 12/12 levels left

rFire   . . .        g - +8 great sword "Qyph" {freeze, Stlth+}
rCold   . . .        (shield currently unavailable)
rNeg    . . .        l - +0 plate armour
rPois   .            C - +2 hat {Stlth+}
rElec   .            z - +1 cloak
rCorr   .            W - +0 pair of gloves
SInv    .            i - +2 pair of boots
Will    .....        Y - amulet of guardian spirit Stlth
                     K - +6 ring of strength
HPRegen 0.39/turn    q - +4 ring of protection
MPRegen 0.13/turn

%: guardian spirit
@: about to teleport, hasted, studying Unarmed Combat, very quick
A: horns 2, retaliatory headbutt
a: Renounce Religion, Heroism, Finesse, Duel


You were on level 2 of the Abyss.
You worshipped Okawaru.
Okawaru was extremely pleased with you.
You visited 2 branches of the dungeon, and saw 14 of its levels.
You visited the Abyss 1 time.
You also visited: Sewer and Gauntlet.

You collected 1088 gold pieces.

Inventory:

Hand Weapons
 a - a +1 war axe of flaming
 g - the +8 great sword "Qyph" (weapon) {freeze, Stlth+}
   (You found it in a Gauntlet)

   Stlth+:    It makes you more stealthy.
 m - the +6 orcbow of Caihip {flame, Str+3 Stlth+}
   (You took it off a minotaur in a Gauntlet)

   Str+3:     It affects your strength (+3).
   Stlth+:    It makes you more stealthy.
 o - the +9 sling of Peril {drain, ^Fragile rElec rPois rC+}
   (You took it off a minotaur in a Gauntlet)

   rC+:       It protects you from cold.
   rElec:     It insulates you from electricity.
   rPois:     It protects you from poison ^Fragile: It will be destroyed if
   unequipped.
 H - a +0 broad axe of flaming
Missiles
 s - 4 throwing nets (quivered)
Armour
 b - a +0 scale mail
 i - a +2 pair of boots (worn)
 l - a +0 plate armour (worn)
 p - an orb of guile
 z - a +1 cloak (worn)
 A - the +7 ring mail of the Comet {rF+}
   (You took it off a minotaur in a Gauntlet)

   rF+:       It protects you from fire.
 C - a +2 hat of stealth (worn)
 W - a +0 pair of gloves (worn)
Jewellery
 c - a ring of protection from fire
 q - a +4 ring of protection (right hand)
 K - a +6 ring of strength (left hand)
 Y - an amulet of guardian spirit (around neck)
Wands
 k - a wand of flame (78)
 y - a wand of light (11)
 B - a wand of paralysis (5)
 E - a wand of digging (10)
 I - a wand of roots (5)
Scrolls
 j - a scroll of blinking
 t - 3 scrolls of identify
 w - 3 scrolls of teleportation
 D - 3 scrolls of revelation
 F - a scroll of brand weapon
 P - 2 scrolls of amnesia
 Q - a scroll of immolation
 T - 4 scrolls of poison
 U - a scroll of torment
 X - a scroll of silence
Potions
 d - a potion of might
 e - 3 potions of berserk rage
 f - 2 potions of ambrosia
 h - 6 potions of curing
 n - 5 potions of resistance
 r - 4 potions of invisibility
 u - a potion of brilliance
 G - 4 potions of enlightenment
 O - a potion of attraction
 Z - a potion of cancellation
Miscellaneous
 J - a tin of tremorstones (2/2)
 L - a phial of floods


   Skills:
 + Level 12.5 Fighting
 + Level 4.6 Long Blades
 + Level 18.4 Axes
 + Level 14.2 Armour
 + Level 3.1 Dodging
 + Level 1.6 Stealth
 + Level 9.9 Shields
 + Level 0.1 Invocations


You had 12 spell levels left.
You didn't know any spells.
Your spell library contained the following spells:

 Spells                   Type           Power      Damage    Failure   Level
 Blink                    Tloc           0%         N/A       99%         2
 Lesser Beckoning         Tloc           0%         N/A       99%         2
 Momentum Strike          Conj/Tloc      0%         3d8       99%         2
 Inner Flame              Hex/Fire       0%         N/A       100%        3
 Flame Wave               Conj/Fire      0%         2d4       100%        4
 Sticky Flame             Fire/Alch      0%         2d4       100%        4
 Arcjolt                  Conj/Air       0%         1d10      100%        5
 Freezing Cloud           Conj/Ice/Air   0%         6-21      100%        5
 Lee's Rapid Deconstruct  Erth           0%         3d4*      100%        5
 Silence                  Hex/Air        0%         N/A       100%        5
 Maxwell's Capacitive Co  Air            0%         ∞         100%        8
 Animate Armour           Summ/Erth      Unusable   N/A       N/A         4
 Summon Blazeheart Golem  Fire/Summ      Unusable   N/A       N/A         4
 Summon Lightning Spire   Summ/Air       Unusable   N/A       N/A         4
 Summon Forest            Summ/Tloc      Unusable   N/A       N/A         5

Dungeon Overview and Level Annotations

Branches:
Dungeon (13/15)            Temple (1/1) D:7            Lair (0/5) D:11
    Orc (0/2) D:10         Vaults (0/5) D:13          Sewer (visited)
Gauntlet (visited)

Altars:
Ashenzari
Cheibriados
Dithmenos
Elyvilon
Fedhas
Gozag
Hepliaklqana
Kikubaaqudgha
Makhleb
Nemelex Xobeh
Okawaru
Qazlal
Ru
Sif Muna
Trog
Uskayaw
Vehumet
Wu Jian
Xom
Yredelemnul
Zin
The Shining One

Shops:
D:1 :   D:4 :[   D:7 ?   D:11 *=   D:13 ?

Annotations:
D:4 exclusion: statue


Innate Abilities, Weirdness & Mutations

You have a pair of horns on your head.
You reflexively headbutt those who attack you in melee.


Message History

The hell hound is moderately wounded.
The hell hound barely misses you. Something hits you but does no damage.
The hell hound bites you but does no damage.
A worldbinder comes into view.
Something hits you!!
You slash the hell hound! You freeze the hell hound.
You headbutt the hell hound.
The hell hound is almost dead.
The hell hound misses you.
The worldbinder calls forth creatures from the Vaults!
The hell hound bites you. Something hits you!!
* * * LOW HITPOINT WARNING * * *
The hell hound bites you but does no damage.
You hit the hell hound but do no damage.
The hell hound is almost dead.
The hell hound bites you but does no damage.
Something hits you!
* * * LOW HITPOINT WARNING * * *
The hell hound bites you but does no damage.
Something hits you but does no damage.
As you read the scroll of teleportation, it crumbles to dust.
You feel strangely unstable.
You feel the power of the Abyss delaying your translocation!
The hell hound bites you but does no damage.
Electricity crackles from the ironbound thunderhulk's apparatus.
The bolt of lightning misses you.
The vault sentinel blows a loud note on a signal horn!
Something hits you!
* * * LOW HITPOINT WARNING * * *
You hear a shout!
You hear a bark! x3
You feel much better.
The hell hound bites you but does no damage.
The vault sentinel blows a loud note on a signal horn!
Strange energies crackle from the ironbound thunderhulk's apparatus.
The ironbound thunderhulk blinks!
The hell hound barely misses you. Something hits you!!
* * * LOW HITPOINT WARNING * * *
You hear a roar!
You feel yourself speed up. Something hits you!
You die...

.. ## . . ##
###.#.# .# #.
#.....### ##.#
#...##..#..#.# #
..# # ....#.....#
..# .#
........#.###p#..##
##....#...#.uhxO..#
...# .#...@#
.......#.#.### #..#
.. ..#... ##..#.
..####.. . .. #..
.#. # .... #... #


You could see a red very ugly thing (summoned), an ironbound thunderhulk
(summoned), a vault sentinel (summoned), a worldbinder and a hell hound.

Vanquished Creatures
  A minotaur (Gauntlet)
  Harold (D:9)
  2 vault guards (D:13)
  A centaur warrior (D:13)
  A two-headed ogre (D:10)
  A boulder beetle (D:11)
  2 sun demons
  A soul eater (D:11)
  4 skeletal warriors (D:12)
  2 glowing orange brains (Gauntlet)
  2 arcanists (D:13)
  A large abomination (Gauntlet)
  Pikel (D:9)
  A harpy (shapeshifter) (D:8)
  4 ugly things
  A deep elf pyromancer (D:10)
  2 cyclopes
  4 manticores
  Maurice (D:7)
  A rust devil (D:11)
  An orange demon (D:11)
  Maggie (D:9)
  A kobold demonologist (D:11)
  A komodo dragon (D:12)
  A hellion (Gauntlet)
  2 unseen horrors
  3 trolls
  3 hornets
  9 slime creatures
  A spriggan (D:7)
  3 shadows
  Sigmund (D:3)
  A vampire (D:12)
  A wraith (D:7)
  40 yaks
  A wyvern (D:11)
  2 steam dragons
  8 vampire mosquitoes
  Menkaure (D:7)
  Duvessa (D:7)
  5 water moccasins
  A hell hound (Gauntlet)
  11 orc warriors
  An ogre (D:6)
  4 black bears
  An ogre (shapeshifter) (D:13)
  6 centaurs
  8 phantoms
  8 kobold brigands
  5 bullfrogs
  6 small abominations (Gauntlet)
  A gnoll sergeant (D:9)
  7 scorpions
  Dowan (D:7)
  12 wights
  15 killer bees
  4 howler monkeys
  5 centaur zombies (D:7)
  3 quasits (D:11)
  5 hounds
  A bombardier beetle (D:7)
  4 gnoll boudas
  10 orc priests
  3 jellies
  3 iguanas
  Ijyb (D:4)
  Jessica (D:3)
  Natasha (thrice) (D:3)
  9 sleepcaps
  Crazy Yiuf (D:2)
  Terence (D:2)
  7 orc wizards
  4 scorpion zombies (D:7)
  2 killer bee zombies (D:7)
  26 gnolls
  6 adders
  6 river rats
  8 shadow imps (D:7)
  A white imp (D:6)
  5 dart slugs
  3 ribbon worms
  30 orcs
  2 bats
  8 endoplasms
  2 giant cockroaches
  5 goblins
  4 hobgoblins (D:2)
  13 kobolds
  3 quokkas
  12 ball pythons
  3 frilled lizards
  6 rats
418 creatures vanquished.

Notes
Turn   | Place    | Note
-------+----------+-------------------------------------------
     0 | D:1      | Silvore the Minotaur Fighter began the quest for the Orb.
     0 | D:1      | Reached XP level 1. HP: 19/19 MP: 0/0
   310 | D:1      | Found a faded altar of an unknown god.
   314 | D:1      | Reached XP level 2. HP: 27/27 MP: 1/1
   611 | D:1      | Found Odghizxil's Book Shoppe.
  1108 | D:2      | Identified the +1 ring mail of Tartarus {+Inv rF+ Str-2
                  | Int+6}
  1151 | D:2      | Reached skill level 3 in Axes
  1151 | D:2      | Reached XP level 3. HP: 33/33 MP: 2/2
  1174 | D:2      | Noticed Terence
  1179 | D:2      | Killed Terence
  1436 | D:2      | Found a runed translucent door.
  1437 | D:2      | Noticed Crazy Yiuf
  1442 | D:2      | Killed Crazy Yiuf
  1443 | D:2      | Reached skill level 4 in Axes
  1443 | D:2      | Reached XP level 4. HP: 40/40 MP: 3/3
  1805 | D:3      | Noticed Sigmund
  1815 | D:3      | Killed Sigmund
  1816 | D:3      | Reached skill level 5 in Axes
  1816 | D:3      | Reached XP level 5. HP: 47/47 MP: 4/4
  1828 | D:3      | Noticed Jessica
  1834 | D:3      | Killed Jessica
  1835 | D:3      | Reached skill level 5 in Armour
  1835 | D:3      | Reached XP level 6. HP: 53/53 MP: 5/5
  2384 | D:3      | Noticed Natasha
  2392 | D:3      | Killed Natasha
  2393 | D:3      | Reached skill level 6 in Axes
  2502 | D:3      | Noticed Natasha
  2512 | D:3      | Killed Natasha
  2644 | D:3      | Noticed Natasha
  2650 | D:3      | Killed Natasha
  2684 | D:4      | Noticed Ijyb
  2691 | D:4      | Killed Ijyb
  2719 | D:4      | Found Ucrutsa's Antique Armour Shop.
  2774 | D:4      | Reached skill level 7 in Axes
  2774 | D:4      | Reached XP level 7. HP: 57/60 MP: 6/6
  2795 | D:4      | Found Emeh's Book Shop.
  3162 | D:4      | Found a radiant altar of Vehumet.
  3216 | D:5      | Entered Level 5 of the Dungeon
  3404 | D:5      | Reached skill level 8 in Axes
  3466 | D:5      | Reached skill level 5 in Fighting
  3608 | D:5      | Reached skill level 1 in Dodging
  3608 | D:5      | Reached XP level 8. HP: 50/68 MP: 7/7
  3613 | D:5      | Found a glowing drain.
  3641 | Sewer    | Entered a sewer
  3708 | Sewer    | Reached skill level 9 in Axes
  4594 | D:5      | Reached skill level 5 in Shields
  5080 | D:6      | Reached skill level 10 in Axes
  5232 | D:6      | Found a snail-covered altar of Cheibriados.
  5235 | D:6      | Found an opulent altar of Gozag.
  5235 | D:6      | Found a shimmering blue altar of Sif Muna.
  5235 | D:6      | Found a glowing golden altar of the Shining One.
  5246 | D:6      | Found a blossoming altar of Fedhas.
  5246 | D:6      | Found a stormy altar of Qazlal.
  5294 | D:6      | Reached XP level 9. HP: 73/75 MP: 8/8
  5627 | D:7      | Noticed Maurice
  5638 | D:7      | Something stole a ring of positive energy
  5639 | D:7      | Something stole an orb of guile
  5640 | D:7      | Something stole 2 throwing nets
  5645 | D:7      | Killed Maurice
  5728 | D:7      | Reached skill level 11 in Axes
  5744 | D:7      | Got the Codex of the Galvanic Map
  5967 | D:7      | Reached skill level 12 in Axes
  6010 | D:7      | Reached XP level 10. HP: 70/86 MP: 9/9
  6158 | D:7      | Paralysed by a hornet for 1 turns
  6337 | D:7      | Noticed Duvessa
  6338 | D:7      | Noticed Dowan
  6347 | D:7      | Killed Duvessa
  6351 | D:7      | Killed Dowan
  6505 | D:7      | Reached skill level 10 in Armour
  6552 | D:7      | Found a glowing silver altar of Zin.
  6649 | D:7      | Noticed Menkaure
  6657 | D:7      | Killed Menkaure
  6810 | D:7      | Found Micuom's Magic Scroll Shop.
  6834 | D:7      | Found a staircase to the Ecumenical Temple.
  6918 | D:7      | Reached skill level 13 in Axes
  7103 | Temple   | Entered the Ecumenical Temple
  7112 | Temple   | Became a worshipper of Warmaster Okawaru
  7335 | D:8      | Noticed a manticore
  7361 | D:8      | Noticed a harpy
  7383 | D:8      | Killed a manticore
  7383 | D:8      | Reached * piety under Okawaru
  7388 | D:8      | Killed a harpy
  7404 | D:8      | Got the Folio of the Valley of Death
  7526 | D:8      | Reached skill level 14 in Axes
  7636 | D:8      | Found a shimmering altar of Xom.
  7928 | D:8      | Reached ** piety under Okawaru
  8061 | D:9      | Reached XP level 11. HP: 70/95 MP: 10/10
  8201 | D:9      | Noticed Maggie
  8213 | D:9      | Killed Maggie
  8454 | D:9      | Noticed Harold
  8465 | D:9      | Killed Harold
  8489 | D:9      | Found a hide-covered altar of Uskayaw.
  8491 | D:9      | Reached *** piety under Okawaru
  8596 | D:9      | Noticed Pikel
  8609 | D:9      | Killed Pikel
  8969 | D:9      | Reached skill level 15 in Axes
  9103 | D:10     | Entered Level 10 of the Dungeon
  9758 | D:10     | Noticed a deep elf pyromancer
  9762 | D:10     | Killed a deep elf pyromancer
  9762 | D:10     | Reached **** piety under Okawaru
  9803 | D:10     | Found a burning altar of Makhleb.
  9906 | D:10     | Found a staircase to the Orcish Mines.
 10190 | D:10     | Noticed a two-headed ogre
 10196 | D:10     | Killed a two-headed ogre
 10333 | D:11     | Reached skill level 10 in Fighting
 10366 | D:11     | Found a staircase to the Lair.
 10478 | D:11     | Noticed a soul eater
 10500 | D:11     | Killed a soul eater
 10501 | D:11     | Reached skill level 16 in Axes
 10501 | D:11     | Reached XP level 12. HP: 70/105 MP: 11/11
 10667 | D:11     | Reached ***** piety under Okawaru
 10757 | D:11     | Received a gift from Okawaru
 10908 | D:11     | Noticed a boulder beetle
 10925 | D:11     | Killed a boulder beetle
 10992 | D:11     | Found Ywajagonk's Jewellery Boutique.
 11170 | D:11     | Found Zihurat's General Store.
 11347 | D:11     | Reached skill level 17 in Axes
 11643 | D:12     | Reached skill level 1 in Stealth
 12176 | D:12     | Received a gift from Okawaru
 12453 | D:12     | Reached XP level 13. HP: 83/116 MP: 10/12
 12636 | D:12     | Received a gift from Okawaru
 13051 | D:13     | Reached skill level 18 in Axes
 13251 | D:13     | Found Qafice's Magic Scroll Boutique.
 13271 | D:13     | Found a gate to the Vaults.
 13327 | D:13     | Found a gate leading to a gauntlet.
 13343 | Gauntlet | Entered a Gauntlet
 13343 | Gauntlet | Found a transporter.
 13343 | Gauntlet | Found a runed translucent door.
 13343 | Gauntlet | Found a transporter.
 13350 | Gauntlet | Found a transporter.
 13356 | Gauntlet | Found a transporter.
 13357 | Gauntlet | Found a transporter.
 13359 | Gauntlet | Found a transporter.
 13417 | Gauntlet | Found a runed translucent door.
 13427 | Gauntlet | Found a transporter.
 13565 | Gauntlet | Found a transporter.
 13580 | Gauntlet | Found a transporter.
 13580 | Gauntlet | Found a transporter.
 13596 | Gauntlet | Found a transporter.
 13596 | Gauntlet | Identified the +8 great sword "Qyph" {freeze, Stlth+}
 13709 | Gauntlet | Found a transporter.
 13724 | Gauntlet | Found a transporter.
 13960 | Gauntlet | Identified the +6 orcbow of Caihip {flame, Str+3 Stlth+}
 13960 | Gauntlet | Identified the +9 sling of Peril {drain, ^Fragile rElec
                  | rPois rC+}
 13960 | Gauntlet | Identified the +7 ring mail of the Comet {rF+}
 13960 | Gauntlet | Noticed a minotaur
 13976 | Gauntlet | Killed a minotaur
 13977 | Gauntlet | Reached skill level 1 in Long Blades
 13982 | Gauntlet | Identified the +1 robe of Fosmeasu {rElec}
 14289 | D:13     | Received a gift from Okawaru
 14295 | D:13     | HP: 4/119 [vault guard/+0 glaive (10)]
 15130 | Abyss:2  | Cast into level 2 of the Abyss (an occultist)
 15191 | Abyss:2  | Noticed a red very ugly thing
 15191 | Abyss:2  | Noticed an ironbound thunderhulk
 15192 | Abyss:2  | HP: 3/119 [something (14)]
 15194 | Abyss:2  | Slain by a lorocyproca

Illustrated notes

Levels and vault maps discovered:
D:1:      enne_arrival_octagon_isle, layout_basic,
          hellmonk_ecumenical_altar_slurped_away, serial_shops,
          nicolae_shop_stone, serial_bayou, serial_bayou_pond_a,
          serial_bayou_shore_a, serial_bayou_lake_a, serial_bayou_pond_a,
          minmay_misc_feat_chi, dk_noncrumbling_4, serial_bayou_lagoon_a
D:2:      layout_basic, uniq_terence, uniq_crazy_yiuf_cottage
D:3:      layout_loops_ring, uniq_jessica, uniq_natasha, uniq_sigmund
D:4:      layout_loops_ring, vehumet_statue, serial_shops,
          nicolae_shop_gibbet_a_chance, nicolae_shop_behind_doors,
          nicolae_shop_crystal, nicolae_titane, uniq_ijyb
D:5:      layout_basic, portal_sewer_entry_a, lemuel_flame_loot_1
D:6:      layout_rooms, minmay_overflow_temple_hex
D:7:      bobbens_index_wilting_gardens, layout_basic,
          mainiacjoe_overflow_alcove_2, temple_hall, serial_shops,
          nicolae_shop_real_fake_doors, the_hattery, uniq_maurice, uniq_duvessa,
          uniq_menkaure
D:8:      layout_basic, mainiacjoe_overflow_concentric_impassable,
          minmay_diamond_spiral
D:9:      layout_basic, nicolae_uskayaw_dance_hall, uniq_pikel, uniq_maggie,
          uniq_harold
D:10:     layout_grid_maze, mainiacjoe_overflow_chevrons, orc_0_dummy,
          nicolae_straight_to_the_point
D:11:     layout_irregular_city, due_lair_maze_entry_diamond, serial_demonic,
          serial_demonic_a, serial_demonic_a, serial_demonic_f,
          serial_demonic_c, serial_shops, shop, shop
D:12:     layout_roguey
D:13:     minmay_tri_stars, layout_basic, lightli_vaults_fourway_checkpoint,
          special_room [special_room_orc], gauntlet_entry_generic, serial_shops,
          shop_scrolls, uniq_josephine
Temple:   nicolae_temple_ecumenical_triangle
Abyss:2:  base: D:13, gammafunk_corrupted_shrine

Skill      XL: |  1  2  3  4  5  6  7  8  9 10 11 12 13 |
---------------+----------------------------------------+-----
Fighting       | 4 5 6 7 8 10 11 12 | 12.5
Armour         | 4 5 6 8 9 10 12 13 14 | 14.2
Axes           | 3 4 5 7 8 10 12 14 16 17 18 | 18.4
Shields        | 4 5 6 7 8 9 |  9.9
Dodging        | 1 2 3 |  3.1
Stealth        | 1 |  1.6
Long Blades    | 4 |  4.6
Invocations    | |  0.1

Action                     |  1- 3 |  4- 6 |  7- 9 | 10-12 | 13-15 || total
---------------------------+-------+-------+-------+-------+-------++-------
  Melee: War axe           |    56 |    66 |   333 |   210 |       ||   665
         Headbutt          |     8 |    13 |    59 |   116 |    41 ||   237
         Broad axe         |       |       |       |   362 |   122 ||   484
         Great sword       |       |       |       |       |    75 ||    75
 Invoke: Heroism           |       |       |       |       |     2 ||     2
    Use: Scroll            |     3 |     7 |     9 |     7 |     3 ||    29
         Potion            |       |       |     1 |     1 |     5 ||     7
 Armour: Scale mail        |    31 |       |       |       |       ||    31
         Plate armour      |     6 |    56 |   310 |   553 |   269 ||  1194
  Dodge: Dodged            |    41 |    16 |   115 |   174 |   101 ||   447
  Block: Buckler           |    15 |    13 |    94 |   167 |    32 ||   321
